Map: Shrines of Lizul

Players

bengsci

  • Race: Terran Terran
  • League: Diamond
  • Spawn Location: 12:00

SweatyNutz

  • Race: Protoss Protoss
  • Spawn Location: 3:00

OpuS

  • Race: Protoss Protoss
  • League: Platinum
  • Spawn Location: 6:00

Sketchaphone

  • Race: Zerg Zerg
  • League: Platinum
  • Spawn Location: 9:00

VOD

Have the link to the VOD?

Description

Time

  • Played on: Feb. 15, 2019, 8:52 p.m.
  • Length: 14:45
Show
View Real Time Build Order
Export as new Build Order

bengsci Terran 

Build Orders: Mech 

Get SALT Encoding   

  12  0:03  SCV  
  13  0:17  SCV  
  14  0:23  Supply Depot  
  14  0:29  Refinery  
  14  0:31  SCV  
  15  0:44  SCV  
  15  0:47  Barracks  
  16  0:59  SCV  
  16  1:01  Supply Depot  
  17  1:11  SCV  
  18  1:24  SCV  
  19  1:36  Factory, Marine  
  19  1:39  SCV  
  21  1:52  Orbital Command  
  21  2:01  Barracks Tech Lab  
  21  2:18  SCV  
  22  2:30  SCV  
  22  2:31  Siege Tank  
  22  2:32  Marine  
  27  2:40  Command Center  
  27  2:43  SCV  
  28  2:49  Refinery  
  28  2:51  Engineering Bay  
  28  2:52  Marine  
  29  3:04  SCV  
  30  3:09  Supply Depot  
  30  3:20  SCV  
  30  3:24  Missile Turret  
  31  3:30  Siege Tank, Marine  
  35  3:37  Supply Depot  
  35  3:38  SCV  
  36  4:02  Missile Turret  
  36  4:04  Siege Tank, Marine  
  36  4:05  SCV  
  41  4:13  Factory  
  41  4:18  SCV, Armory  
  41  4:38  Siege Tank  
  41  4:42  Marine  
  41  4:43  SCV  
  47  4:48  Orbital Command  
  46  4:59  Factory Tech Lab  
  46  5:00  Marine  
  46  5:01  SCV  
  47  5:13  SCV  
  47  5:27  Marine  
  47  5:28  Siege Tank  
  49  5:29  SCV x2  
  50  5:41  SCV x2  
  52  5:53  Siege Tank, Marine  
  52  5:55  SCV x2  
  58  6:13  Command Center, Marine, Refinery  
  58  6:14  Refinery, Missile Turret, Siege Tank  
  62  6:20  Missile Turret  
  62  6:27  SCV x2  
  62  6:29  Supply Depot  
  64  6:33  Supply Depot  
  64  6:34  Supply Depot  
  64  6:35  Missile Turret  
  64  6:40  SCV x2  
  64  6:45  Marine  
  67  6:47  Terran Vehicle Weapons Level 1  
  67  6:51  Thor  
  73  7:00  SCV x2  
  75  7:04  Thor  
  81  7:15  Refinery  
  81  7:16  SCV x2  
  81  7:17  Marine  
  84  7:29  Factory  
  84  7:31  Factory, Refinery  
  84  7:34  Armory  
  84  7:35  Marine  
  84  7:36  SCV x2  
  88  7:38  Orbital Command  
  87  7:46  Thor  
  93  7:53  Marine  
  93  7:54  SCV  
  93  7:55  SCV  
  96  8:06  SCV  
  96  8:09  SCV x2  
  96  8:10  Thor  
  96  8:11  Marine  
  106  8:26  Factory Tech Lab  
  106  8:27  Factory Tech Lab  
  106  8:31  Terran Vehicle And Ship Armor Level 1  
  106  8:32  Marine  
  106  8:33  SCV x2  
  109  8:40  SCV  
  110  8:42  Supply Depot  
  110  8:44  Supply Depot  
  110  8:54  Terran Vehicle Weapons Level 2  
  110  9:00  Thor x2  
  110  9:01  Thor  
  125  9:04  Marine  
  125  9:06  Command Center, SCV x3  
  125  9:07  Missile Turret  
  129  9:11  Refinery  
  129  9:19  Thor  
  135  9:26  SCV x3  
  135  9:28  Refinery  
  138  9:32  Supply Depot x2  
  138  9:33  Supply Depot  
  135  9:50  Thor  
  135  9:51  Marine  
  138  9:53  Thor x2  
  144  10:07  SCV x2  
  144  10:08  SCV  
  147  10:19  Thor, Marine  
  154  10:25  Factory  
  154  10:31  Refinery  
  154  10:32  Supply Depot  
  154  10:33  Supply Depot x2  
  154  10:35  Supply Depot  
  154  10:36  Thor  
  154  10:42  Terran Vehicle And Ship Armor Level 2  
  160  10:53  Thor  
  166  11:05  Thor, Marine  
  172  11:13  Thor, Factory Tech Lab  
  178  11:22  Thor  
  184  11:31  Planetary Fortress, Missile Turret  
  184  11:37  SCV  
  184  11:38  SCV x2  
  187  11:47  Marine  
  187  11:48  Thor  
  194  11:54  Thor  
  200  12:16  Command Center  
  200  13:35  Refinery  
  200  13:38  Refinery  
  200  13:42  Missile Turret  
  200  13:43  Planetary Fortress  
  191  13:58  Thor  
Show
View Real Time Build Order
Export as new Build Order

SweatyNutz Protoss 

Build Orders: Oracle Opening 

Get SALT Encoding   

  12  0:08  Probe  
  13  0:21  Probe  
  13  0:22  Pylon  
  14  0:29  Assimilator  
  14  0:41  Probe  
  15  0:53  Gateway  
  15  0:54  Probe  
  16  1:02  Probe  
  16  1:10  Probe  
  16  1:11  Pylon  
  18  1:20  Probe  
  18  1:23  Assimilator  
  19  1:32  Probe  
  20  1:43  Cybernetics Core  
  20  1:44  Probe  
  21  1:56  Probe  
  21  2:00  Pylon  
  22  2:08  Probe  
  22  2:12  Forge  
  23  2:18  Pylon  
  24  2:22  Probe  
  24  2:31  Stargate  
  24  2:50  Photon Cannon  
  24  2:57  Photon Cannon  
  24  2:58  Probe  
  25  3:03  Photon Cannon  
  25  3:05  Oracle  
  25  3:10  Probe  
  29  3:23  Shield Battery  
  29  3:24  Probe  
  30  3:28  Pylon  
  30  3:32  Oracle  
  30  3:45  Probe  
  34  4:02  Probe  
  35  4:09  Nexus  
  35  4:19  Probe  
  36  4:25  Phoenix  
  38  4:31  Probe  
  39  4:43  Probe  
  37  5:42  Probe  
  38  5:45  Pylon  
  38  5:50  Assimilator  
  38  5:54  Probe  
  38  5:56  Stargate  
  39  5:58  Pylon  
  39  6:06  Probe x2  
  41  6:15  Pylon  
  41  6:18  Probe x2  
  42  6:19  Pylon  
  43  6:30  Probe  
  44  6:34  Stargate  
  44  6:38  Pylon  
  44  6:41  Photon Cannon  
  44  6:44  Probe x2  
  46  6:48  Photon Cannon  
  46  6:55  Phoenix  
  46  6:56  Probe x2  
  46  6:57  Stargate  
  50  7:01  Pylon  
  50  7:34  Phoenix x2  
  54  7:38  Probe x2  
  54  7:43  Assimilator  
  56  7:45  Shield Battery  
  56  7:47  Photon Cannon  
  56  7:50  Pylon, Probe x2  
  58  7:54  Shield Battery  
  58  8:02  Protoss Air Weapons Level 1, Probe  
  58  8:03  Pylon  
  59  8:06  Protoss Shields Level 1  
  59  8:08  Phoenix x2  
  59  8:09  Phoenix  
  65  8:22  Pylon  
  65  8:34  Stargate  
  65  8:36  Photon Cannon  
  65  8:43  Phoenix x2  
  65  8:45  Fleet Beacon, Phoenix  
  71  9:14  Phoenix x2  
  71  9:15  Phoenix  
  77  9:29  Nexus  
  77  9:32  Pylon  
  77  9:41  Phoenix x3  
  77  9:42  Phoenix  
  85  10:28  Protoss Air Armor Level 1  
  85  10:35  Phoenix x3  
  87  10:36  Phoenix  
  93  10:54  Photon Cannon  
  93  10:57  Photon Cannon  
  93  10:59  Shield Battery  
  93  11:00  Phoenix  
  93  11:03  Pylon  
  89  11:28  Photon Cannon  
  89  11:33  Shield Battery  
  89  11:35  Probe x2  
  89  11:36  Probe, Tempest  
  89  11:37  Tempest x2  
  107  11:43  Assimilator  
  107  11:47  Assimilator  
  107  11:53  Photon Cannon  
  107  11:55  Tempest  
  112  12:18  Protoss Air Weapons Level 2  
  110  12:35  Tempest x2  
  110  12:36  Tempest  
  123  12:38  Tempest  
  124  13:09  Tempest x3  
  124  13:11  Tempest  
  139  13:23  Stargate  
  139  13:27  Pylon  
  144  13:30  Pylon  
  144  13:34  Stargate  
  144  13:37  Probe  
  145  13:49  Probe  
  146  14:07  Nexus  
  164  14:39  Pylon  
  164  14:42  Assimilator  
Show
View Real Time Build Order
Export as new Build Order

OpuS Protoss 

Build Orders:  

Get SALT Encoding   

  12  0:01  Probe  
  13  0:13  Probe  
  14  0:20  Pylon  
  14  0:25  Probe  
  15  0:38  Gateway, Probe  
  16  0:46  Probe  
  16  0:52  Assimilator  
  16  0:56  Assimilator  
  17  1:01  Probe  
  18  1:12  Gateway  
  18  1:14  Probe  
  18  1:26  Probe  
  18  1:32  Cybernetics Core  
  19  1:40  Pylon  
  19  1:46  Probe  
  19  1:54  Probe  
  20  1:57  Pylon  
  21  2:10  Warp Gate  
  21  2:11  Stalker  
  23  2:18  Stalker  
  25  2:28  Probe  
  26  2:55  Nexus  
  26  3:03  Stalker  
  28  3:06  Stalker  
  30  3:13  Probe  
  31  3:20  Gateway  
  31  3:21  Probe  
  32  3:34  Probe  
  32  3:36  Robotics Facility  
  33  3:42  Probe  
  34  3:51  Pylon  
  34  3:58  Sentry  
  34  3:59  Sentry  
  34  4:01  Probe  
  39  4:07  Probe  
  40  4:13  Probe  
  41  4:18  Gateway  
  41  4:19  Probe  
  33  4:44  Stalker  
  33  4:45  Stalker x2  
  15  5:03  Probe x2  
  10  5:39  Probe  
  11  5:52  Observer  
  12  5:58  Probe  
  13  6:09  Probe  
  14  6:23  Sentry  
  16  6:27  Probe  
  17  6:35  Probe  
  18  6:42  Probe  
  19  6:50  Probe  
  17  7:12  Stalker  
  13  7:23  Probe  
  12  7:39  Probe  
  12  7:41  Probe  
  13  7:47  Probe  
  13  7:49  Probe  
  16  7:59  Probe  
  17  8:13  Probe  
  17  8:14  Probe  
  19  8:25  Probe  
  19  8:26  Shield Battery  
  19  8:27  Probe  
  21  8:37  Probe  
  21  8:39  Probe  
  23  8:49  Probe  
  23  8:51  Pylon  
  24  8:57  Probe  
  24  9:01  Probe  
  26  9:09  Probe  
  27  9:13  Probe  
  28  9:22  Forge  
  28  9:28  Shield Battery  
  28  9:30  Probe  
  28  9:31  Probe  
  30  9:43  Stalker  
  32  9:46  Probe x2  
  34  9:58  Probe x2  
  36  10:10  Probe  
  36  10:11  Probe  
  38  10:14  Assimilator  
  38  10:16  Assimilator  
  38  10:17  Zealot x2  
  42  10:22  Probe  
  42  10:23  Probe  
  44  10:37  Photon Cannon  
  44  10:40  Probe x2  
  44  10:41  Photon Cannon  
  46  10:51  Probe x2  
  46  10:53  Stargate  
  48  11:05  Photon Cannon  
  48  11:07  Probe x2  
  48  11:11  Pylon  
  50  11:19  Probe x2  
  52  11:31  Probe  
  52  11:32  Probe  
  54  11:35  Photon Cannon  
  54  11:44  Probe x2  
  54  11:45  Fleet Beacon  
  56  11:56  Probe x2  
  56  12:01  Photon Cannon  
  58  12:14  Carrier  
  58  12:24  Stargate  
  58  12:25  Stargate  
  64  12:30  Protoss Air Weapons Level 1  
  64  12:48  Carrier  
  64  12:59  Stargate  
  64  13:00  Carrier  
  70  13:14  Nexus  
  70  13:16  Carrier  
  70  13:17  Pylon  
  70  13:20  Pylon  
  76  13:41  Photon Cannon  
  82  13:43  Photon Cannon  
  82  13:46  Shield Battery  
  88  14:13  Zealot x3  
  92  14:23  Pylon  
  94  14:25  Pylon  
  94  14:27  Pylon  
Show
View Real Time Build Order
Export as new Build Order

Sketchaphone Zerg 

Build Orders: Pool First 

Get SALT Encoding   

  12  0:05  Drone  
  13  0:12  Overlord  
  13  0:17  Drone  
  14  0:36  Spawning Pool  
  14  0:40  Drone  
  14  0:42  Drone  
  15  0:46  Drone  
  16  0:59  Drone  
  17  1:16  Hatchery  
  16  1:23  Drone x2, Extractor  
  17  1:27  Drone  
  18  1:34  Drone  
  19  1:48  Drone  
  19  1:50  Queen  
  22  1:55  Overlord  
  22  2:13  Roach Warren, Drone  
  22  2:18  Zergling x2  
  23  2:30  Metabolic Boost  
  23  2:31  Drone x2  
  25  2:55  Hatchery  
  25  2:57  Roach  
  26  3:02  Roach  
  28  3:08  Roach  
  28  3:10  Roach  
  32  3:13  Roach  
  32  3:18  Overlord  
  34  3:22  Roach  
  36  3:27  Overlord  
  36  3:37  Roach  
  36  3:40  Drone x2  
  36  3:41  Extractor  
  39  3:42  Roach  
  39  3:44  Overlord  
  41  3:51  Roach  
  43  3:58  Drone  
  43  3:59  Drone  
  43  4:00  Overlord  
  45  4:03  Roach  
  45  4:06  Drone  
  45  4:07  Drone  
  49  4:12  Roach  
  51  4:17  Queen  
  51  4:21  Zergling x2  
  51  4:22  Zergling x2  
  53  4:56  Spore Crawler x2  
  53  4:58  Spore Crawler  
  53  4:59  Spore Crawler, Roach  
  51  5:00  Roach x6  
  51  5:02  Roach  
  55  5:13  Zergling x6  
  52  5:30  Lair  
  52  5:31  Drone x2  
  52  5:35  Drone  
  53  5:36  Drone  
  53  5:38  Roach x2  
  58  5:54  Drone x5  
  63  5:59  Evolution Chamber  
  63  6:00  Queen  
  64  6:04  Drone  
  65  6:18  Roach  
  67  6:19  Roach x2  
  67  6:24  Ravager x3  
  74  6:26  Overlord x2  
  74  6:35  Zerg Ground Armor Level 1  
  74  6:37  Overlord  
  74  6:41  Overlord  
  74  6:52  Drone x8  
  82  7:02  Roach  
  82  7:03  Roach  
  82  7:04  Roach  
  88  7:12  Drone  
  88  7:13  Hydralisk Den  
  88  7:18  Extractor  
  88  7:20  Drone x3  
  90  7:29  Roach x4  
  98  7:38  Overlord  
  97  7:47  Glial Reconstitution  
  97  7:49  Zergling x12  
  97  7:50  Zergling x4  
  105  7:51  Overlord  
  105  7:55  Overlord  
  105  8:08  Drone  
  105  8:09  Drone  
  105  8:10  Roach x3  
  113  8:25  Overlord  
  113  8:27  Overlord  
  113  8:34  Extractor  
  112  8:36  Hydralisk x2  
  112  8:37  Hydralisk x3  
  122  8:45  Grooved Spines  
  122  8:46  Evolution Chamber  
  103  9:01  Pneumatized Carapace  
  91  9:02  Hydralisk  
  89  9:15  Drone x3  
  90  9:19  Spore Crawler  
  90  9:20  Drone x3, Hydralisk x3  
  98  9:28  Overlord  
  98  9:33  Hydralisk x3, Zergling x2  
  99  10:06  Hydralisk x2  
  99  10:07  Hydralisk x5  
  85  10:09  Zergling x16  
  103  10:21  Zerg Missile Weapons Level 1  
  103  10:24  Overlord x3  
  97  10:29  Extractor  
  92  10:40  Spore Crawler  
  91  10:48  Drone x6  
  97  10:50  Drone x4  
  97  10:53  Overlord x3  
  97  10:54  Extractor  
  100  11:01  Zerg Ground Armor Level 2  
  100  11:13  Burrow  
  100  11:16  Roach x4  
  100  11:17  Roach x2  
  100  11:18  Hydralisk x2, Overlord x2  
  114  11:40  Hydralisk x8  
  114  11:44  Zergling x4  
  132  11:47  Overlord  
  132  11:51  Overseer  
  132  12:02  Zergling x6  
  134  12:10  Roach  
  134  12:11  Roach x2  
  140  12:27  Hydralisk x7  
  133  12:39  Hydralisk x3  
  139  12:45  Overlord x2  
  139  12:46  Overlord  
  105  13:18  Hydralisk, Overlord  
  105  13:19  Hydralisk x10  
  127  13:21  Roach  
  127  13:23  Roach  
  83  13:56  Hydralisk x9  
Tags
 
Add a new tag
Caveats
  • Supply blocks, unpowered buildings, or Contaminate may cause inaccurate times.
  • Supply counts are checked every 10 seconds.